 Dungeon Crawl Stone Soup version 0.31-a0-851-g7ff8af7976 (webtiles) character file.

Game seed: 14218628126282612321

3451 arthad the Ogre Mage (level 10, 0/91 HPs)
             Began as an Ogre Fire Elementalist on Oct 7, 2023.
             Was a Follower of Vehumet.
             Engulfed by a cloud of flame (17 damage)
             ... on level 7 of the Dungeon.
             The game lasted 00:16:05 (7087 turns).

arthad the Ogre Mage (Ogre Fire Elementalist)       Turns: 7087, Time: 00:16:06

Health: 0/91       AC:  6    Str: 14    XL:     10   Next: 6%
Magic:  16/29      EV: 12    Int: 20    God:    Vehumet [*.....]
Gold:   435        SH:  0    Dex: 15    Spells: 13/23 levels left

rFire   . . .        o - staff of conjuration
rCold   . . .        (no shield)
rNeg    . . .        O - +0 steam dragon scales
rPois   .            (helmet restricted)
rElec   .            (no cloak)
rCorr   .            (gloves unavailable)
SInv    .            (boots unavailable)
Will    +....        n - amulet of regeneration
Stlth   +++          G - +6 ring of dexterity
HPRegen 1.15/turn    f - ring of magical power
MPRegen 0.21/turn

%: no passive effects
@: no status effects
A: large, unfitting armour, tough skin 1
a: Renounce Religion


You were on level 7 of the Dungeon.
You worshipped Vehumet.
Vehumet was aware of your devotion.
You visited 2 branches of the dungeon, and saw 8 of its levels.
You also visited: Sewer.

You collected 435 gold pieces.

Inventory:

Hand Weapons
 s - a +1 whip of electrocution
 x - a +3 whip of electrocution
 L - a +4 morningstar of freezing
 N - a +2 long sword of flaming
Missiles
 p - 26 poisoned darts
 H - 5 boomerangs
Armour
 a - a +0 robe
 O - +0 steam dragon scales (worn)
 P - a +2 robe of cold resistance
Magical Staves
 o - a staff of conjuration (weapon)
Jewellery
 d - a ring of willpower
 f - a ring of magical power (right hand)
 n - an amulet of regeneration (around neck)
 w - an amulet of faith
 G - a +6 ring of dexterity (left hand)
 Q - a ring of see invisible
Wands
 y - a wand of charming (14)
 z - a wand of acid (4)
 D - a wand of flame (27)
 M - a wand of polymorph (10)
Scrolls
 c - a scroll of amnesia
 e - 2 scrolls of enchant armour
 h - 2 scrolls of enchant weapon
 i - 3 scrolls of fear
 j - 2 scrolls of immolation
 l - 4 scrolls of teleportation
 v - 2 scrolls of vulnerability
 E - a scroll of poison
 J - a scroll of identify
 R - a scroll of noise
Potions
 b - a potion of magic
 g - 6 potions of brilliance
 k - a potion of heal wounds {unknown}
 m - a potion of lignification {unknown}
 q - 2 potions of curing
 r - a potion of haste {unknown}
 t - 2 potions of attraction {unknown}
 u - a potion of ambrosia {unknown}
 A - a potion of might {unknown}
 B - 4 potions of enlightenment
 C - a potion of degeneration {unknown}
 F - a potion of resistance {unknown}
 I - a potion of invisibility {unknown}


   Skills:
 + Level 3.1 Fighting
 + Level 5.4 Dodging
 + Level 4.8 Stealth
 * Level 7.1 Spellcasting
 * Level 5.5 Conjurations
 + Level 2.0 Transmutations
 * Level 6.2 Fire Magic
 + Level 1.9 Poison Magic


You had 13 spell levels left.
You knew the following spells:

 Your Spells              Type           Power      Damage    Failure   Level
a - Foxfire               Conj/Fire      100%       2x1d9     1%          1
b - Scorch                Fire           64%        2d7       1%          2
c - Flame Wave            Conj/Fire      46%        2d12      9%          4
d - Volatile Blastmotes   Fire/Tloc      38%        2d13      8%          3

Your spell library contained the following spells:

 Spells                   Type           Power      Damage    Failure   Level
 Kiss of Death            Conj/Necr      100%       2d13      3%          1
 Ignite Poison            Fire/Tmut/Pois 20%        N/A       7%          3
 Inner Flame              Hex/Fire       19%        N/A       8%          3
 Cigotuvi's Dreadful Rot  Necr/Pois/Air  18%        N/A       11%         2
 Ozocubu's Armour         Ice            7%         N/A       28%         3
 Freezing Cloud           Conj/Ice/Air   10%        6-21      77%         5
 Metabolic Englaciation   Hex/Ice        3%         N/A       95%         5
 Simulacrum               Ice/Necr       3%         N/A       100%        6


Dungeon Overview and Level Annotations

Branches:
Dungeon (7/15)             Temple (1/1) D:6           Sewer (visited)

Altars:
Ashenzari
Dithmenos
Elyvilon
Fedhas
Gozag
Hepliaklqana
Kikubaaqudgha
Makhleb
Nemelex Xobeh
Okawaru
Qazlal
Ru
Sif Muna
Trog
Uskayaw
Vehumet
Wu Jian
Xom
Yredelemnul
Zin
The Shining One


Innate Abilities, Weirdness & Mutations

You are too large for most types of armour.
You have tough skin. (AC +1)


Message History

The killer bee is heavily wounded.
The killer bee's fire resistance burns away.
You feel a surge of power!
You conjure some foxfire!
The killer bee stings you! The killer bee closely misses you.
The forest fire spreads! x2
Casting: Foxfire (safe; 1% risk of failure)
Confirm with . or Enter, or press ? or * to list all spells.
Flames lash the killer bee.
The killer bee is burned terribly!
You kill the killer bee!
Vehumet accepts your kill.
An ice beast comes into view.
The forest fire spreads!
The foxfire hits the ice beast but does no damage.
The forest fire spreads!
You feel a surge of power!
You conjure some foxfire!
You are engulfed in blazing flames.
The foxfire hits the ice beast!
The ice beast melts!
The ice beast is moderately wounded.
The foxfire hits the ice beast but does no damage.
The ice beast is moderately wounded.
The forest fire spreads!
Okay, then.
Casting: Foxfire (safe; 1% risk of failure)
Confirm with . or Enter, or press ? or * to list all spells.
Okay, then.
You are engulfed in blazing flames.
You see here a killer bee corpse.
The air fills with toxic fumes!
As you read the scroll labelled QUIBLI HUCRU, it crumbles to dust.
It was a scroll of poison.
You are engulfed in blazing flames.
The forest fire spreads!
As you read the scroll labelled ZOQOOSS FIZEEPN, it crumbles to dust.
It is a scroll of brand weapon.
Your +4 morningstar is covered with a thin layer of ice!
L - a +4 morningstar of freezing You are engulfed in blazing flames.
* * * LOW HITPOINT WARNING * * *
Okay, then.
Okay, then.
It was a potion of curing.
You feel better.
You are engulfed in blazing flames.
You die...

. ....# ♣.# #...
.... ###..# ♣♣§§#
#...
......#....#♣♣§§§#
#...
......#....#♣§§♣§#
#...
?....#..§.#§§.♣Y#
#...
.......§§#§§§§☼# ♣
♣#..#
##.....§§§§§§§☼#
♣~♣♣♣.))#
#.....§§§§§§§☼#
#.~P~....#
#....)..°§§§§@#
#~≈~.~..)#
####.......#♣§§○§#
#♣~♣♣~#..#
....###....#§§§§§#
♣ ♣~#..# ....#
#....#§§§§§#
♣~#..# ....#
#....#§§§§§# ~
#... ....#
#....#§♣§○§# P
#.##
....###....#♣♣§♣♣#
#. .........).# ♣§
#.# ###.##.....#
♣. #.#


You could see an ice beast.

Vanquished Creatures
  Maggie (D:6)
  Grinder (D:6)
  2 wyverns
  4 sky beasts
  An ice beast (D:6)
  3 orc warriors
  2 ogres
  3 phantoms
  2 bullfrogs
  2 scorpions (D:5)
  4 wights (D:6)
  A killer bee (D:7)
  An electric eel (D:7)
  4 howler monkeys
  6 hounds
  2 quasits (D:5)
  2 jellies
  3 orc priests
  2 sleepcaps
  4 orc wizards
  A sickly merfolk siren (Sewer)
  A malarious merfolk avatar (Sewer)
  3 gnolls (D:4)
  5 adders
  3 river rats
  3 shadow imps (D:5)
  4 white imps
  3 ufetubi (D:5)
  3 worms
  3 dart slugs
  25 orcs
  12 ball pythons
  5 bats
  5 endoplasms
  3 giant cockroaches
  4 goblins
  7 hobgoblins
  2 jackals (D:4)
  5 kobolds
  8 quokkas
  7 frilled lizards
  29 rats
191 creatures vanquished.

Vanquished Creatures (collateral kills)
  2 foxfires
2 creatures vanquished.

Vanquished Creatures (others)
  613 foxfires
613 creatures vanquished.

Grand Total: 806 creatures vanquished

Notes
Turn   | Place    | Note
-------+----------+-------------------------------------------
     0 | D:1      | arthad the Ogre Fire Elementalist began the quest for the
                  | Orb.
     0 | D:1      | Reached XP level 1. HP: 16/16 MP: 3/3
    66 | D:1      | Reached skill level 1 in Conjurations
   164 | D:1      | Reached XP level 2. HP: 24/24 MP: 1/5
   473 | D:1      | Learned a level 2 spell: Scorch
  1102 | D:2      | Reached XP level 3. HP: 31/31 MP: 7/7
  1995 | D:3      | Reached skill level 3 in Spellcasting
  1995 | D:3      | Reached XP level 4. HP: 39/39 MP: 8/8
  2805 | D:4      | Reached XP level 5. HP: 45/45 MP: 9/9
  2943 | D:4      | Noticed a sky beast
  2951 | D:4      | Killed a sky beast
  2952 | D:4      | Reached XP level 6. HP: 53/53 MP: 11/11
  3207 | D:4      | Reached skill level 4 in Spellcasting
  3519 | D:5      | Entered Level 5 of the Dungeon
  3570 | D:5      | Reached XP level 7. HP: 59/59 MP: 13/13
  3633 | D:5      | Found a sparkling altar of Nemelex Xobeh.
  3771 | D:5      | Found a glowing drain.
  3786 | Sewer    | Entered a sewer
  4384 | D:5      | Reached XP level 8. HP: 67/67 MP: 15/15
  4506 | D:5      | Reached skill level 5 in Spellcasting
  5258 | D:6      | Found a staircase to the Ecumenical Temple.
  5267 | Temple   | Entered the Ecumenical Temple
  5286 | Temple   | Became a worshipper of Vehumet
  5317 | D:6      | Reached skill level 5 in Fire Magic
  5537 | D:6      | Noticed a wyvern
  5542 | D:6      | Killed a wyvern
  5543 | D:6      | Reached XP level 9. HP: 68/74 MP: 17/17
  5551 | D:6      | Learned a level 4 spell: Flame Wave
  5555 | D:6      | Learned a level 3 spell: Volatile Blastmotes
  5647 | D:6      | Reached skill level 6 in Spellcasting
  5856 | D:6      | Reached skill level 1 in Fighting
  5998 | D:6      | Reached skill level 5 in Dodging
  6150 | D:6      | Noticed Maggie
  6155 | D:6      | Killed Maggie
  6156 | D:6      | Reached skill level 5 in Conjurations
  6156 | D:6      | Reached skill level 1 in Transmutations
  6156 | D:6      | Reached skill level 1 in Poison Magic
  6159 | D:6      | Noticed Grinder
  6314 | D:6      | Killed Grinder
  6922 | D:7      | Reached skill level 7 in Spellcasting
  6968 | D:7      | Reached XP level 10. HP: 91/91 MP: 20/20
  7075 | D:7      | Reached * piety under Vehumet
  7075 | D:7      | Offered knowledge of Kiss of Death by Vehumet.
  7087 | D:7      | Engulfed by a cloud of flame

Illustrated notes

Levels and vault maps discovered:
D:1:      eino_arrival_tree_alley, layout_loops_ring
D:2:      layout_basic
D:3:      layout_basic
D:4:      layout_rooms
D:5:      layout_loops_cross, nemelex_xobeh_ov_fountains_minmay,
          portal_sewer_entry_b, serial_demonic, serial_demonic_c,
          serial_demonic_a, serial_demonic_d, serial_demonic_b, serial_demonic_a
D:6:      layout_gridville, minmay_temple_entry_grid, uniq_grinder, uniq_maggie
D:7:      nzn_winding_woodlands_medium [nzn_winding_woodlands_5x5_default,
          nzn_winding_woodlands_5x15_lazy_stream,
          nzn_winding_woodlands_5x5_perimeter,
          nzn_winding_woodlands_5x5_default,
          nzn_winding_woodlands_center_triple_pond,
          nzn_winding_woodlands_hourglass,
          nzn_winding_woodlands_5x5_checkerboard,
          nzn_winding_woodlands_5x15_pockets,
          nzn_winding_woodlands_5x5_closed_star], layout_basic,
          minmay_misc_feat_diagonals, nrook_loot_triangle
Temple:   nicolae_temple_slightly_damp_pantheon

Skill      XL: |  1  2  3  4  5  6  7  8  9 10 |
---------------+-------------------------------+-----
Conjurations   | 1 2 3 4 5 |  5.5
Dodging        | 2 3 4 5 |  5.4
Fire Magic     | 3 4 5 6 |  6.2
Spellcasting   | 3 4 5 7 |  7.1
Stealth        | 2 3 4 |  4.8
Fighting       | 3 |  3.1
Transmutations | 1 2 |  2.0
Poison Magic   | 1 |  1.9

Action                     |  1- 3 |  4- 6 |  7- 9 | 10-12 || total
---------------------------+-------+-------+-------+-------++-------
  Melee: Unarmed           |    11 |       |       |       ||    11
         Staff             |       |     3 |       |       ||     3
   Cast: Foxfire           |    56 |    82 |   198 |     8 ||   344
         Scorch            |     5 |     6 |    65 |     3 ||    79
         Flame Wave        |       |       |     3 |     1 ||     4
  Evoke: Wand              |       |       |     1 |       ||     1
    Use: Scroll            |       |     8 |     2 |     2 ||    12
         Potion            |       |       |       |     1 ||     1
 Armour: Robe              |    15 |     7 |    81 |       ||   103
         Steam dragon scal |       |       |     4 |     6 ||    10
  Dodge: Dodged            |     5 |     5 |    61 |     2 ||    73

Table legend: (Time is in decaauts)
 A = Elapsed time spent in this place.
 B = Non-inter-level travel time spent in this place.
 C = Inter-level travel time spent in this place.
 D = Time resting spent in this place.
 E = Time spent auto-exploring this place.
 F = Levels seen in this place.
 G = Mean time per level.
                   A        B        C        D        E       F      G
               +--------+--------+--------+--------+--------+-----+--------+
         Total |   7083 |   6877 |    206 |    151 |   5506 |   9 |  787.0 |
       Dungeon |   6451 |   6281 |    170 |     53 |   5174 |   7 |  921.6 |
        Temple |     38 |      2 |     36 |      0 |      0 |   1 |   38.0 |
         Sewer |    592 |    592 |      0 |     98 |    332 |   1 |  592.0 |
               +--------+--------+--------+--------+--------+-----+--------+

Top non-repeatable levels by time:
     D:6: 1351 daAuts
     D:1: 1087 daAuts
     D:5: 1018 daAuts
     D:2: 902 daAuts
     D:3: 791 daAuts
     D:4: 736 daAuts
   Sewer: 592 daAuts
     D:7: 564 daAuts
  Temple: 38 daAuts
